 Dungeon Crawl Stone Soup version 0.24.0-1-gfbc8707122 (webtiles) character file.

Game seed: 6277064690222760251, levelgen mode: deterministic

2101 Aviak the Covert (level 9, 0/53 HPs)
             Began as an Octopode Enchanter on Oct 28, 2019.
             Was an Initiate of Gozag.
             Slain by a hornet zombie (12 damage)
             ... on level 7 of the Dungeon.
             The game lasted 00:14:00 (8182 turns).

Aviak the Covert (Octopode Enchanter)               Turns: 8182, Time: 00:14:01

Health: 0/53       AC:  1    Str:  7    XL:     9   Next: 28%
Magic:  18/21      EV: 17    Int: 18    God:    Gozag
Gold:   275        SH:  0    Dex: 19    Spells: 4/13 levels left

rFire    + . .     SeeInvis .   r - +0 dagger (venom)
rCold    . . .     Gourm    .   (no shield)
rNeg     . . .     Faith    .   (helmet restricted)
rPois    .         Spirit   .   (no amulet)
rElec    .         Reflect  .   F - ring of protection from fire
rCorr    .         Harm     .   p - ring of magical power
MR       .....                  v - +4 ring of dexterity
Stlth    +++++.....             (no ring)
HPRegen  0.17/turn              (no ring)
MPRegen  0.17/turn              (no ring)
                                (no ring)
                                (no ring)

@: gold aura
A: almost no armour, stealthy swim, amphibious, 8 rings, constrict 8, camouflage
1, gelatinous body 1
a: Potion Petition, Call Merchant, Bribe Branch, Renounce Religion


You were on level 7 of the Dungeon.
You worshipped Gozag.
Gozag was aware of your devotion.
You were very hungry.

You visited 2 branches of the dungeon, and saw 8 of its levels.

You collected 341 gold pieces.
You paid 66 gold pieces to Gozag.

Inventory:

Hand Weapons
 a - a +1 dagger
 r - a +0 dagger of venom (weapon)
Jewellery
 h - an uncursed amulet of rage
 p - a ring of magical power (right tentacle)
 v - a +4 ring of dexterity (on tentacle)
 F - a ring of protection from fire (left tentacle)
Wands
 k - a wand of paralysis (5)
 n - a wand of enslavement (11)
 o - a wand of polymorph (7)
Scrolls
 b - 3 scrolls of magic mapping
 f - 3 scrolls of enchant armour
 i - 5 scrolls of identify
 q - a scroll of enchant weapon {unknown}
 s - a scroll of remove curse {unknown}
 u - a scroll of amnesia {unknown}
Potions
 d - 2 potions of berserk rage {unknown}
 e - a potion of flight {unknown}
 g - a potion of resistance {unknown}
 l - 3 potions of lignification {unknown}
 m - a potion of heal wounds {unknown}
 t - a potion of magic {unknown}
Comestibles
 j - 9 rations


   Skills:
 + Level 1.3 Fighting
 - Level 5.2 Short Blades
 + Level 5.8 Dodging
 + Level 8.9 Stealth
 - Level 2.5 Spellcasting
 - Level 3.1 Conjurations
 + Level 6.2 Hexes
 - Level 2.0 Ice Magic


You had 4 spell levels left.
You knew the following spells:

 Your Spells              Type           Power        Failure   Level  Hunger
a - Corona                Hex            ###....      1%          1    #......
b - Ensorcelled Hibernat  Hex/Ice        ###...       4%          2    ##.....
c - Confuse               Hex            ###.....     4%          3    ###....
e - Dazzling Spray        Conj/Hex       ###...       8%          3    ###....

Your spell library contained the following spells:

 Spells                   Type           Power        Failure   Level  Hunger
 Tukima's Dance           Hex            ###.....     4%          3    ###....


Dungeon Overview and Level Annotations

Branches:
Dungeon (7/15)             Temple (1/1) D:6

Altars:
Ashenzari
Cheibriados
Dithmenos
Elyvilon
Fedhas
Gozag
Hepliaklqana
Makhleb
Nemelex Xobeh
Okawaru
Qazlal
Ru
Trog
Uskayaw
Vehumet
Wu Jian
Xom
Yredelemnul
Zin


Innate Abilities, Weirdness & Mutations

You cannot wear most types of armour.
You are very stealthy in the water. (Stealth+)
You are amphibious.
You can wear up to eight rings at the same time.
You can use your tentacles to constrict eight enemies at once.
Your skin changes colour to match your surroundings (Stealth+).
Your rubbery body absorbs attacks. (AC +1, EV +1)


Message History

You kill the adder!
The hornet zombie hits you but does no damage.
You hit the hornet zombie. You grab the hornet zombie.
The hornet zombie is lightly damaged.
You constrict the hornet zombie, but do no damage.
The hornet zombie hits you.
* * * LOW HITPOINT WARNING * * *
Casting: Confuse (safe; 4% risk of failure)
Confirm with . or Enter, or press ? or * to list all spells.
Aiming: Confuse (safe; 4% risk of failure)
Press: ? - help, Shift-Dir - straight line, f - hornet zombie
Aim: a hornet zombie (lightly damaged, constricted by you, chance to defeat MR: 64%)
The hornet zombie appears confused.
You constrict the hornet zombie.
The hornet zombie struggles to escape constriction.
You hit the hornet zombie.
The hornet zombie is lightly damaged.
You constrict the hornet zombie, but do no damage.
The hornet zombie hits you!
You die...
Your body crumbles into a pile of gold.

o.........#.........#
..........#.#########
......... #.#.....#
......... #.#.......
........###.#........
<...........#........
##.....#####........
#........# ##.#.....
.......Z@$# .....
..##..#.....# .... $
. ##....##.# ######
.# . #


You could see a hornet zombie (confused).

Vanquished Creatures
  Prince Ribbit (D:6)
  A hungry ghost (D:6)
  Edmund (D:6)
  2 ice beasts
  A sky beast (D:6)
  A phantom (D:5)
  A centaur (D:4)
  A necrophage (D:6)
  The ghost of Gruesph the Conjurer, an amateur DrCj (D:3)
  A bullfrog (D:3)
  Blork the orc (D:4)
  2 scorpions
  A howler monkey (D:5)
  3 crimson imps
  A jelly (D:5)
  Crazy Yiuf (D:3)
  A bullfrog zombie (D:6)
  A hound (D:4)
  A bullfrog skeleton (D:6)
  A quasit (D:5)
  An orc priest (D:4)
  An iron imp (D:6)
  2 iguanas
  Ijyb (D:3)
  4 orc wizards
  A worker ant (D:5)
  A howler monkey skeleton (D:5)
  14 adders
  An ooze (D:1)
  2 worms (D:2)
  3 leopard geckos
  14 orcs
  A ball python (D:3)
  11 bats
  9 giant cockroaches
  12 goblins
  3 hobgoblins (D:1)
  11 jackals
  4 kobolds
  5 quokkas
  3 frilled lizards
  A giant cockroach zombie (D:5)
  A jackal skeleton (D:6)
  6 rats
136 creatures vanquished.

Notes
Turn   | Place    | Note
-------+----------+-------------------------------------------
     0 | D:1      | Aviak the Octopode Enchanter began the quest for the Orb.
     0 | D:1      | Reached XP level 1. HP: 11/11 MP: 3/3
   253 | D:1      | Reached XP level 2. HP: 11/17 MP: 5/5
   735 | D:1      | Learned a level 2 spell: Ensorcelled Hibernation
  1130 | D:2      | Reached XP level 3. HP: 17/21 MP: 6/6
  1135 | D:2      | Learned a level 3 spell: Confuse
  1219 | D:2      | Reached XP level 4. HP: 17/27 MP: 2/7
  1832 | D:2      | Noticed a moth of wrath
  1840 | D:2      | Found a bloodstained altar of Trog.
  1926 | D:2      | HP: 1/27 [rat (4)]
  2220 | D:2      | Reached skill level 5 in Stealth
  2464 | D:3      | Reached XP level 5. HP: 29/31 MP: 8/8
  2485 | D:3      | Noticed Ijyb
  2498 | D:3      | Killed Ijyb
  2503 | D:3      | Learned a level 3 spell: Dazzling Spray
  2535 | D:3      | Found a runed translucent door.
  2536 | D:3      | Noticed Crazy Yiuf
  2664 | D:3      | Reached skill level 1 in Ice Magic
  2664 | D:3      | Reached XP level 6. HP: 20/36 MP: 9/9
  2852 | D:3      | Found a faded altar of an unknown god.
  3514 | D:3      | Noticed Gruesph's ghost (amateur DrCj)
  3515 | D:3      | Found a runed translucent door.
  3561 | D:3      | Killed Gruesph's ghost
  3630 | D:3      | Killed Crazy Yiuf
  3833 | D:4      | Reached skill level 6 in Stealth
  3833 | D:4      | Reached XP level 7. HP: 41/41 MP: 10/10
  4104 | D:4      | Noticed Blork the orc
  4112 | D:4      | Killed Blork the orc
  4269 | D:4      | Reached skill level 1 in Conjurations
  5000 | D:4      | Found a shadowy altar of Dithmenos.
  5670 | D:5      | Entered Level 5 of the Dungeon
  6579 | D:5      | Reached skill level 7 in Stealth
  6579 | D:5      | Reached skill level 5 in Hexes
  6579 | D:5      | Reached XP level 8. HP: 35/46 MP: 8/11
  7042 | D:5      | Found a basalt altar of Yredelemnul.
  7250 | D:6      | Noticed Prince Ribbit
  7252 | D:6      | Found a staircase to the Ecumenical Temple.
  7264 | D:6      | Killed Prince Ribbit
  7273 | D:6      | Reached skill level 5 in Dodging
  7300 | D:6      | Reached skill level 8 in Stealth
  7313 | Temple   | Entered the Ecumenical Temple
  7626 | Temple   | Became a worshipper of Gozag Ym Sagoz the Greedy
  7725 | D:6      | Reached skill level 5 in Short Blades
  7725 | D:6      | Reached XP level 9. HP: 51/51 MP: 12/12
  7773 | D:6      | Noticed Edmund
  7778 | D:6      | Killed Edmund
  7842 | D:6      | Found a snail-covered altar of Cheibriados.
  7966 | D:6      | Reached skill level 1 in Fighting
  8182 | D:7      | Slain by a hornet zombie

Levels and vault maps discovered:
D:1:      saegor_arrival_miasma, layout_basic
D:2:      layout_basic, tgw_trog, kennysheep_generic_room_11
D:3:      layout_loops_cross, first_ration, chequers_ecumenical_altar_simple,
          gammafunk_ghost_grave, uniq_ijyb, uniq_crazy_yiuf_cottage
D:4:      layout_basic, lemuel_crystal_altar, uniq_blork_the_orc
D:5:      layout_loops_cross, basic_altar, dk_rats_in_the_wall
D:6:      layout_basic, slow_altar_2, minmay_temple_entry_sparse_star,
          uniq_prince_ribbit1, uniq_edmund
D:7:      layout_rooms, serial_co_window_serial, co_window_paths_a,
          co_window_corner_a, co_window_of_opportunity_a, co_window_paths_a,
          co_window_paths_b, co_window_broadway_a, co_window_corner_b,
          co_window_of_opportunity_b, co_window_broadway_c,
          co_window_broadway_b, co_window_cross_4, co_window_broadway_b,
          co_window_4corner_a, co_window_paths_e, glass_columns_b,
          grunt_livestock, minmay_shop_mass, uniq_pikel
Temple:   eino_temple_rhombus

Skill      XL: |  1  2  3  4  5  6  7  8  9 |
---------------+----------------------------+-----
Short Blades   | 2 3 4 5 |  5.2
Stealth        | 5 6 7 8 |  8.9
Dodging        | 3 4 5 |  5.8
Hexes          | 4 5 6 |  6.2
Ice Magic      | 1 2 |  2.0
Conjurations   | 2 3 |  3.1
Fighting       | 1 |  1.3
Spellcasting   | |  2.5

Action                   |  1- 3 |  4- 6 |  7- 9 || total
-------------------------+-------+-------+-------++-------
Melee: Dagger            |    76 |   141 |   281 ||   498
       Tentacles         |    12 |    22 |    55 ||    89
       Constrict         |    12 |    32 |    48 ||    92
 Cast: Corona            |     1 |       |       ||     1
       Ensorcelled Hiber |     3 |     3 |     1 ||     7
       Confuse           |       |    15 |    33 ||    48
       Dazzling Spray    |       |       |     9 ||     9
Evoke: Wand              |       |       |     6 ||     6
  Use: Potion            |     1 |     1 |     2 ||     4
       Scroll            |       |       |     4 ||     4
 Stab: Sleeping          |     8 |    13 |    11 ||    32
       Confused          |       |     9 |    16 ||    25
       Paralysed         |       |       |     1 ||     1
       Invisible         |       |       |     1 ||     1
  Eat: Chunk             |     1 |     9 |    10 ||    20
       Ration            |       |       |     3 ||     3
Armor: Skin              |     3 |    13 |    10 ||    26
Dodge: Dodged            |    39 |    90 |   136 ||   265
